 Dungeon Crawl Stone Soup version 0.21.1-1-g345015fe64 (webtiles) character file.

325 Knicklaso the Cudgeler (level 6, -4/62 HPs)
             Began as a Troll Chaos Knight on Apr 10, 2018.
             Killed by divine providence
             ... invoked by an orc priest
              (12 damage)
             ... on level 4 of the Dungeon.
             The game lasted 00:06:23 (3056 turns).

Knicklaso the Cudgeler (Troll Chaos Knight)         Turns: 3056, Time: 00:06:23

Health: -4/62      AC:  8    Str: 20 (21) XL:     6   Next: 24%
Magic:  5/5        EV: 10    Int:  8 (10) God:    Xom [......]
Gold:   83         SH:  0    Dex:  9      Spells: 5/5 levels left

rFire    . . .     SeeInvis .   a - +0 mace (chaos)
rCold    + . .     Gourm    +   (no shield)
rNeg     . . .     Faith    .   b - +2 robe
rPois    .         Spirit   .   (helmet restricted)
rElec    .         Reflect  .   (no cloak)
rCorr    .         Harm     .   (gloves unavailable)
MR       .....                  (boots unavailable)
Stlth    +.........             (no amulet)
HPRegen  0.60/turn              (no ring)
MPRegen  0.09/turn              (no ring)

@: no status effects
A: large, unfitting armour, claws 3, horns 1, rugged brown scales 1, clever 1,
cold resistance 1, deterioration 2, fast metabolism 3, gourmand, regeneration 1,
screaming 1, shaggy fur 1, tough skin 2, weak 1, wild magic 1
a: Renounce Religion


You were on level 4 of the Dungeon.
You worshipped Xom.
You were a very special plaything of Xom.
You were completely stuffed.

You visited 1 branch of the dungeon, and saw 4 of its levels.

You collected 83 gold pieces.

Inventory:

Hand Weapons
 a - a +0 mace of chaos (weapon)
 y - a +2 flail of protection
 A - a +2 antimagic flail
Armour
 b - a +2 robe (worn)
 B - a +1 robe of magic resistance
Jewellery
 q - a +1 ring of evasion {unknown}
Scrolls
 d - a scroll of random uselessness {unknown}
 e - 3 scrolls of teleportation {unknown}
 h - 5 scrolls of remove curse {unknown}
 k - 4 scrolls of enchant weapon {unknown}
 l - a scroll of immolation {unknown}
 o - 4 scrolls of identify {unknown}
 p - 2 scrolls of magic mapping {unknown}
 t - 2 scrolls of blinking {unknown}
 v - a scroll of noise {unknown}
 w - 2 scrolls of enchant armour {unknown}
Potions
 f - a potion of mutation
 g - a potion of resistance {unknown}
 i - a potion of heal wounds {unknown}
 j - 2 potions of cancellation {unknown}
 m - a potion of experience {unknown}
 n - 2 potions of degeneration {unknown}
 r - 4 potions of agility {unknown}
 s - a potion of lignification {unknown}
 u - 4 potions of curing {unknown}
 x - a potion of invisibility {unknown}
Comestibles
 c - 11 rations
 z - 5 chunks of flesh


   Skills:
 + Level 3.5 Fighting
 * Level 4.9 Maces & Flails
 + Level 3.2 Dodging


You had 5 spell levels left.
You didn't know any spells.

Dungeon Overview and Level Annotations

Branches:
Dungeon (4/15)             Temple (0/1) D:4

Altars:


Innate Abilities, Weirdness & Mutations

You are too large for most types of armour.
You have claws for hands.
Your metabolism is lightning-fast.
You like to eat raw meat.
Your natural rate of healing is unusually fast.
You are covered in fur. (AC +1)
You have very tough skin. (AC +2)
You have a pair of small horns on your head.
You are partially covered in rugged brown scales. (AC +1, +3% HP)
Your mind is acute. (Int +2)
Your flesh is cold resistant. (rC+)
Your body often deteriorates upon taking damage.
You occasionally shout uncontrollably at your foes.
You are weak. (Str -2)
Your spells are a little harder to cast, but a little more powerful.


Message History

The orc wizard is lightly wounded.
Xom's power touches on a nearby monster.
The orc seems to speed up.
The orc wizard closely misses you. The orc wizard hits you with a dagger.
The iron imp puffs mist at you.
You hit the orc wizard but do no damage.
The orc wizard flickers and vanishes!
Deactivating autopickup; reactivate with Ctrl-A.
Xom thinks this is hilarious!
Something hits you but does no damage. The orc closely misses you.
Something hits you. The orc hits you.
The orc priest calls down the wrath of Beogh upon you.
Beogh smites you!
* * * LOW HITPOINT WARNING * * *
Your body deteriorates!
You feel weakened. The orc hits you.
* * * LOW HITPOINT WARNING * * *
The orc priest calls down the wrath of Beogh upon you.
Beogh smites you!
You die...

##### #...### #.#
..... #.# .....
#########(# #.#o#
....)[.##.# #.#)#
######.##(# ###o#o#
........#.# #.@.5.#
######..#.#####.###.#
######..#.......# #.#
..........#####.###.#
#######.#######.....#
#.............#
###############


You could see an iron imp, an orc priest and an orc.

Vanquished Creatures
  A bullfrog skeleton (D:3)
  An orc priest (D:4)
  An orc wizard (D:4)
  A worker ant (D:4)
  4 gnolls (D:4)
  6 adders
  2 oozes (D:4)
  An adder skeleton (D:4)
  5 worms
  A dart slug (D:1)
  2 leopard geckos
  5 orcs (D:4)
  5 bats
  5 giant cockroaches (D:3)
  13 goblins
  10 hobgoblins
  6 jackals (D:1)
  10 kobolds
  A quokka (D:3)
  2 ball pythons
  4 frilled lizards
  4 rats (D:3)
90 creatures vanquished.

Vanquished Creatures (collateral kills)
  Robin (D:2)
1 creature vanquished.

Vanquished Creatures (others)
  An orc (D:4)
1 creature vanquished.

Grand Total: 92 creatures vanquished

Notes
Turn   | Place    | Note
-------+----------+-------------------------------------------
     0 | D:1      | Knicklaso the Troll Chaos Knight began the quest for the Orb.
     0 | D:1      | Reached XP level 1. HP: 22/22 MP: 0/0
    18 | D:1      | XOM: silly message
   125 | D:1      | Reached skill level 3 in Maces & Flails
   125 | D:1      | Reached XP level 2. HP: 29/29 MP: 1/1
   470 | D:1      | XOM: divination: magic mapping
   493 | D:1      | XOM: cast spell 'Summon Ice Beast'
   601 | D:1      | XOM: mild Fire miscast
   697 | D:1      | Reached XP level 3. HP: 36/36 MP: 2/2
  1120 | D:2      | XOM: 2-stop teleportation journey
  1149 | D:2      | Noticed Robin
  1170 | D:2      | XOM: enchant monster (bad)
  1189 | D:2      | XOM: summons friendly shadow imp
  1191 | D:2      | Gained mutation: You are partially covered in rugged brown scales. (AC +1, +3% HP) [potion of mutation]
  1191 | D:2      | Gained mutation: Your body sometimes deteriorates upon taking damage. [potion of mutation]
  1191 | D:2      | Gained mutation: You have a pair of small horns on your head. [potion of mutation]
  1191 | D:2      | Killed Robin
  1449 | D:2      | Reached XP level 4. HP: 44/45 MP: 3/3
  2059 | D:3      | XOM: give mutations
  2059 | D:3      | Gained mutation: You are weak. (Str -2) [Xom's mischief]
  2059 | D:3      | Gained mutation: Your body often deteriorates upon taking damage. [Xom's mischief]
  2152 | D:3      | Reached skill level 4 in Maces & Flails
  2275 | D:3      | XOM: god gift: ration
  2371 | D:3      | Reached XP level 5. HP: 54/54 MP: 4/4
  2381 | D:3      | XOM: give mutation
  2381 | D:3      | Gained mutation: You occasionally shout uncontrollably at your foes. [Xom's mischief]
  2661 | D:4      | XOM: give mutations
  2661 | D:4      | Gained mutation: Your spells are a little harder to cast, but a little more powerful. [Xom's grace]
  2661 | D:4      | Gained mutation: Your mind is acute. (Int +2) [Xom's grace]
  2846 | D:4      | Found a staircase to the Ecumenical Temple.
  2863 | D:4      | XOM: scenery: 1 doors close
  2993 | D:4      | Reached XP level 6. HP: 62/62 MP: 5/5
  3019 | D:4      | XOM: give mutation
  3019 | D:4      | Gained mutation: Your flesh is cold resistant. (rC+) [Xom's grace]
  3046 | D:4      | XOM: mild Summ miscast
  3053 | D:4      | XOM: polymorph crimson imp -> iron imp
  3054 | D:4      | XOM: enchant monster (bad)
  3056 | D:4      | Killed from afar by an orc priest

Skill      XL: |  1  2  3  4  5 |
---------------+----------------+-----
Dodging        | 2 3 |  3.2
Maces & Flails | 3 4 |  4.9
Fighting       | 3 |  3.5

Action                   |  1- 3 |  4- 6 || total
-------------------------+-------+-------++-------
Melee: Mace              |   139 |   151 ||   290
       Headbutt          |     1 |    28 ||    29
  Use: Potion            |     1 |       ||     1
 Stab: Confused          |       |     2 ||     2
  Eat: Chunk             |    12 |    19 ||    31
       Ration            |     1 |       ||     1
Armor: Robe              |    67 |    76 ||   143
Dodge: Dodged            |    82 |    79 ||   161
